 Dungeon Crawl Stone Soup version 0.32-a0-132-g2d33c3cfaf (webtiles) character file.

Game seed: 3261081216661968182

16 zeratav the Sneak (level 2, 0/18 HPs)
             Began as an Octopode Shapeshifter on Feb 9, 2024.
             Slain by a goblin
             ... wielding a +0 club
              (3 damage)
             ... on level 1 of the Dungeon.
             The game lasted 00:00:31 (471 turns).

zeratav the Sneak (Octopode Shapeshifter)            Turns: 471, Time: 00:00:32

Health: 0/18       AC:  1    Str: 13    XL:     2   Next: 54%
Magic:  2/2        EV: 13    Int: 12    God:
Gold:   22         SH:  0    Dex: 11    Spells: 1/1 levels left

rFire   . .          .
                       - Unarmed
rCold   . . .        (no shield)
rNeg    + . .        (helmet currently unavailable)
rPois   .            (no amulet)
rElec   .            g - ring of positive energy
rCorr   .            (no ring)
SInv    .            (no ring)
Will    .....        (no ring)
Stlth   +++          (no ring)
HPRegen 0.23/turn    (no ring)
MPRegen 0.08/turn    (no ring)
                     (no ring)

%: no passive effects
@: beast-form
A: beast (slay +1), almost no armour, amphibious, 8 rings, camouflage 1,
gelatinous body 1, (nimble swimmer 1), tentacles
a: Begin Untransformation


You were on level 1 of the Dungeon.
You were a hulking beast.
You visited 1 branch of the dungeon, and saw 1 of its levels.

You collected 22 gold pieces.


Innate Abilities, Weirdness & Mutations

You are a hulking beast.
Your limbs bulge with bestial killing power. (Slay +1)
You cannot wear most types of armour.
You are amphibious.
You can wear up to eight rings at the same time.
Your skin changes colour to match your surroundings (Stealth+).
Your rubbery body absorbs attacks. (AC +1, EV +1)
((You are camouflaged when in or above water. (Stealth+)))
You have tentacles for arms and can constrict up to eight enemies at once.


   Skills:
 - Level 1.0 Fighting
 - Level 2.0 Dodging
 + Level 3.2 Stealth
 - Level 3.0 Unarmed Combat
 - Level 3.0 Shapeshifting


You had one spell level left.
You didn't know any spells.
Your spell library contained the following spells:

 Spells                   Type           Power      Damage    Failure   Level
 Kiss of Death            Conj/Necr      0%         2d5       32%         1
 Confusing Touch          Hex            0%         N/A       69%         3
 Dispel Undead            Necr           0%         3d6       97%         4

Inventory:

Jewellery
 g - a ring of positive energy (left tentacle)
   (You found it on level 1 of the Dungeon)
Talismans
 b - a beast talisman
 c - a flux talisman
Scrolls
 f - 2 scrolls of identify {unknown}
 h - a scroll of blinking {unknown}
 i - a scroll of immolation {unknown}
 j - a scroll of amnesia {unknown}
Potions
 a - a potion of lignification {!q}
 d - a potion of ambrosia {unknown}
 e - a potion of mutation {unknown}
 k - a potion of curing {unknown}
 l - a potion of enlightenment {unknown}

Dungeon Overview and Level Annotations

Branches:
Dungeon (1/15) Zot: 5529

Altars:

..# ### . ###.# #..
#.##### ..#.# #.# #......
#.#.# #.# #...... #.#.#
#.# #...... #.#.# #.#
#.....K####.#.#######.###
#....>Kgh................
#.....S##.#.#.#†#####.###
..##### #.#.#.#...###.#
#+#.#.###.....# ..#.#
#####.# ..#.# #.###
...#.# #.... ...+.# #.###
....# #.#


You could see a goblin, a ball python and 2 kobolds.


Message History

You tentacle-slap the hobgoblin but do no damage.
Your grab misses the hobgoblin. The hobgoblin hits you.
A ball python comes into view.
HP[-1]
You take 1 damage, and now have 17/18 hp.
The ball python hisses angrily.
You tentacle-slap the hobgoblin. Your grab misses the hobgoblin.
You hear an angry hiss.
The hobgoblin hits you.
HP[-2]
You take 2 damage, and now have 15/18 hp.
You tentacle-slap the hobgoblin.
You kill the hobgoblin!
A ball python comes into view.
Your Stealth skill increases to level 3!
You tentacle-slap the ball python.
You kill the ball python!
HP[+1]
You barely miss the ball python. You grab the ball python.
You squeeze the ball python.
You kill the ball python!
No target in view!
No target in view!
No target in view!
No target in view!
No target in view!
No target in view!
No target in view!
No target in view!
No target in view!
No target in view!
No target in view!
No target in view!
No target in view!
No target in view!
No target in view!
Things that are here:
a ball python corpse; a hobgoblin corpse You open the door.
A ball python and 2 kobolds come into view.
A goblin comes into view. It is wielding a +0 club.
Found a stone staircase leading down.
HP[+2]
Your hp is fully restored (18).
There are monsters nearby!
There are monsters nearby!
The kobold shouts!
The ball python hisses angrily.
The ball python bites you. The ball python barely misses you.
The kobold shouts!
There is an open door, spattered with blood here.
HP[-2]
You take 2 damage, and now have 16/18 hp.
You tentacle-slap the ball python. Your grab misses the ball python.
The ball python bites you. The ball python grabs you.
The ball python constricts you.
The kobold throws a stone.
The stone barely misses you.
You barely miss the ball python. Your grab misses the ball python.
The ball python bites you. The ball python constricts you.
The goblin hits you with a +0 club.
* * * LOW HITPOINT WARNING * * *
The ball python bites you.
* * * LOW HITPOINT WARNING * * *
The ball python constricts you.
You are too injured to fight recklessly!
You are too injured to fight recklessly!
HP[-9]
You take 9 damage, and now have 7/18 hp.
MASSIVE DAMAGE!! (PAUSE)
You are too injured to fight recklessly!
You are too injured to fight recklessly!
You are too injured to fight recklessly!
You are too injured to fight recklessly!
You are too injured to fight recklessly!
You are too injured to fight recklessly!
You are too injured to fight recklessly!
You are too injured to fight recklessly!
You are too injured to fight recklessly!
You are too injured to fight recklessly!
You are too injured to fight recklessly!
You are too injured to fight recklessly!
You are too injured to fight recklessly!
You are too injured to fight recklessly!
You are too injured to fight recklessly!
You are too injured to fight recklessly!
You escape the ball python's grasp.
The kobold throws a stone.
The stone hits you.
* * * LOW HITPOINT WARNING * * *
HP[-1]
You take 1 damage, and now have 6/18 hp.
You tentacle-slap the goblin but do no damage.
You grab the goblin.
You constrict the goblin, but do no damage.
The goblin hits you with a +0 club.
* * * LOW HITPOINT WARNING * * *
HP[-3]
You take 3 damage, and now have 3/18 hp.
You tentacle-slap the goblin but do no damage.
You constrict the goblin, but do no damage.
The goblin hits you with a +0 club.
You die...

Skill      XL: |  1  2 |
---------------+-------+-----
Stealth        | 2 3 |  3.2
Fighting       | |  1.0
Dodging        | |  2.0
Unarmed Combat | |  3.0
Shapeshifting  | |  3.0

Action                     || total
---------------------------++-------
  Melee: Unarmed           ||    28
         Constrict         ||     5
         Tentacles         ||     2
   Stab: Sleeping          ||     4
 Armour: Skin              ||    14
  Dodge: Dodged            ||    10

Levels and vault maps discovered:
D:1:      scummos_arrival_star, layout_basic

Notes
Turn   | Place    | Note
-------+----------+-------------------------------------------
     0 | D:1      | zeratav the Octopode Shapeshifter began the quest for the
                  | Orb.
     0 | D:1      | Reached XP level 1. HP: 13/13 MP: 1/1
     0 | D:1      | magus.rc [v1.9.6]
    48 | D:1      | You pick up a book of Touch and begin reading...
    48 | D:1      | You add the spells Kiss of Death, Confusing Touch and
                  | Dispel Undead to your library.
    72 | D:1      | Reached skill level 1 in Stealth
   314 | D:1      | Reached skill level 2 in Stealth
   333 | D:1      | Reached XP level 2. HP: 18/18 MP: 2/2
   446 | D:1      | Reached skill level 3 in Stealth
   470 | D:1      | HP: 3/18 [goblin/+0 club (3)]
   471 | D:1      | Slain by a goblin

Vanquished Creatures
  2 endoplasms (D:1)
  2 goblins (D:1)
  A hobgoblin (D:1)
  2 quokkas (D:1)
  4 ball pythons (D:1)
  A frilled lizard (D:1)
  2 rats (D:1)
14 creatures vanquished.

Table legend:
 A = Non-vault XP
 B = Vault XP
 C = Vault XP percentage of total XP
 D = Non-vault monster count
 E = Vault monster count
 F = Vault count percentage of total count
                 A         B        C        D         E       F
            +---------+---------+-------+---------+---------+-------
      Total |      23 |       0 |   0.0 |      14 |       0 |   0.0
            +---------+---------+-------+---------+---------+-------
        D:1 |      23 |       0 |   0.0 |      14 |       0 |   0.0
            +---------+---------+-------+---------+---------+-------

Skill      XL: |  1  2 |
---------------+-------+-----
Stealth        | 2 3 |  3.2
Fighting       | |  1.0
Dodging        | |  2.0
Unarmed Combat | |  3.0
Shapeshifting  | |  3.0

Action                     || total
---------------------------++-------
  Melee: Unarmed           ||    28
         Constrict         ||     5
         Tentacles         ||     2
   Stab: Sleeping          ||     4
 Armour: Skin              ||    14
  Dodge: Dodged            ||    10

Illustrated notes

Table legend:
 A = Kills in this place as a percentage of kills in the entire game.
 B = Kills by you in this place as a percentage of kills by you in the entire game.
 C = Kills by friends in this place as a percentage of kills by friends in the entire game.
 D = Other kills in this place as a percentage of other kills in the entire game.
 E = Experience gained in this place as a percentage of experience gained in the entire game.
 F = Experience gained in this place divided by the number of levels of this place that you have seen.
                   A       B       C       D       E      F
               +-------+-------+-------+-------+-------+----------------------
         Total | 100.0 | 100.0 |   N/A |   N/A | 100.0 |  23.0
       Dungeon | 100.0 | 100.0 |   N/A |   N/A | 100.0 |  23.0
               +-------+-------+-------+-------+-------+----------------------

Table legend: (Time is in decaauts)
 A = Elapsed time spent in this place.
 B = Non-inter-level travel time spent in this place.
 C = Inter-level travel time spent in this place.
 D = Time resting spent in this place.
 E = Time spent auto-exploring this place.
 F = Levels seen in this place.
 G = Mean time per level.
                   A        B        C        D        E       F      G
               +--------+--------+--------+--------+--------+-----+--------+
         Total |    469 |    469 |      0 |      0 |    381 |   1 |  469.0 |
       Dungeon |    469 |    469 |      0 |      0 |    381 |   1 |  469.0 |
               +--------+--------+--------+--------+--------+-----+--------+

Top non-repeatable levels by time:
     D:1: 469 daAuts
